 Dungeon Crawl Stone Soup version 0.31.0-32-g396128a36d (webtiles) character file.

Game seed: 14489170928915878332

36980 Klask the Severer (level 13, -1/189 HPs)
             Began as a Minotaur Berserker on Apr 13, 2024.
             Was a High Priest of Trog.
             Slain by an entropy weaver (5 damage)
             ... on level 1 of the Spider Nest.
             The game lasted 01:08:33 (16215 turns).

Klask the Severer (Minotaur Berserker)             Turns: 16215, Time: 01:08:34

Health: -1/189     AC: 22    Str: 27    XL:     13   Next: 55%
Magic:  12/12      EV: 14    Int:  4    God:    Trog [*****.]
Gold:   866        SH:  0    Dex: 10    Spells: 12/12 levels left

rFire   . . .        R - +2 war axe (venom)
rCold   . . .        l - orb {mayhem}
rNeg    . . .        T - +0 plate armour
rPois   .            (helmet restricted)
rElec   .            I - +0 cloak
rCorr   .            u - +0 pair of gloves
SInv    .            w - +0 pair of boots
Will    .....        (no amulet) Stlth
                     J - +5 ring of evasion
HPRegen 0.51/turn    (no ring)
MPRegen 0.13/turn

%: mayhem
@: berserking, lethally poisoned (-1 -> -17), very quick
A: horns 2, retaliatory headbutt
a: Renounce Religion, Berserk, Trog's Hand, Brothers in Arms


You were on level 1 of the Spider Nest.
You worshipped Trog.
Trog was extremely pleased with you.
You visited 3 branches of the dungeon, and saw 15 of its levels.

You collected 866 gold pieces.

Inventory:

Hand Weapons
 p - a +2 hand axe of flaming
 y - a +2 great sword of freezing
 A - a +3 long sword of freezing
 F - a +0 scimitar of holy wrath
 K - a +1 scimitar of flaming
 L - a +4 flail
 R - a +2 war axe of venom (weapon)
 Y - a +2 flail of protection
Armour
 l - an orb of mayhem (worn)
 u - a +0 pair of gloves (worn)
 w - a +0 pair of boots (worn)
 I - a +0 cloak (worn)
 Q - +0 fire dragon scales
 T - a +0 plate armour (worn)
Jewellery
 J - a +5 ring of evasion (left hand)
 V - a ring of protection from cold
 X - a ring of fire
Talismans
 t - a maw talisman
 H - a flux talisman
Wands
 q - a wand of flame (42)
 r - a wand of charming (8)
 x - a wand of iceblast (30)
 S - a wand of quicksilver (8)
Scrolls
 a - 2 scrolls of fog
 c - 2 scrolls of blinking
 d - 8 scrolls of identify
 e - 5 scrolls of teleportation
 f - 4 scrolls of amnesia
 h - 3 scrolls of revelation
 i - a scroll of enchant weapon {unknown}
 j - 2 scrolls of noise
 k - 3 scrolls of enchant armour
 o - 2 scrolls of vulnerability
 v - a scroll of summoning
 O - 2 scrolls of immolation
 Z - a scroll of poison {unknown}
Potions
 b - 3 potions of curing
 g - 2 potions of resistance
 m - a potion of lignification {unknown}
 n - 4 potions of heal wounds {unknown}
 s - 16 potions of degeneration
 z - a potion of enlightenment {unknown}
 B - a potion of haste {unknown}
 D - 2 potions of might
 E - a potion of cancellation {unknown}
 M - 2 potions of berserk rage {unknown}
 N - 2 potions of attraction
 P - a potion of brilliance
 W - 3 potions of mutation {unknown}
Miscellaneous
 U - a sack of spiders


   Skills:
 + Level 15.1 Fighting
 + Level 17.6 Axes
 + Level 16.4 Armour
 - Level 2.2 Dodging


You had 12 spell levels left.
You didn't know any spells.
Your spell library was empty.

Dungeon Overview and Level Annotations

Branches:
Dungeon (11/15)            Temple (0/1) D:6            Lair (3/5) D:9
  Swamp (0/4) Lair:3       Spider (1/4) Lair:3          Orc (0/2) D:10

Altars:
Ashenzari
Dithmenos
Elyvilon
Fedhas
Nemelex Xobeh
Okawaru
Qazlal
Ru
Trog
Vehumet
Wu Jian
Xom
Zin
The Shining One

Shops:
D:4 !   D:7 ***   D:11 ?


Innate Abilities, Weirdness & Mutations

You have a pair of horns on your head.
You reflexively headbutt those who attack you in melee.


Message History

* * * LOW HITPOINT WARNING * * *
The entropy weaver hits you but does no damage. x2
You hit the entropy weaver.
The entropy weaver is poisoned.
The entropy weaver is lightly wounded.
You feel very sick.
The entropy weaver closely misses you. x2; The entropy weaver hits you!
* * * LOW HITPOINT WARNING * * *
The entropy weaver closely misses you.
You closely miss the entropy weaver.
The entropy weaver is lightly wounded.
* * * LOW HITPOINT WARNING * * *
You feel very sick. The entropy weaver hits you.
* * * LOW HITPOINT WARNING * * *
The entropy weaver hits you.
* * * LOW HITPOINT WARNING * * *
The entropy weaver misses you. x2
You completely miss the entropy weaver.
The entropy weaver is lightly wounded.
* * * LOW HITPOINT WARNING * * *
You feel very sick.
You slash the entropy weaver!
Your headbutt misses the entropy weaver.
The entropy weaver is moderately wounded.
* * * LOW HITPOINT WARNING * * *
You feel sick. The entropy weaver hits you.
* * * LOW HITPOINT WARNING * * *
The entropy weaver hits you.
* * * LOW HITPOINT WARNING * * *
The entropy weaver hits you but does no damage. x2
Setting a skill training target for Shapeshifting at 10.0.
You completely miss the entropy weaver.
The entropy weaver is moderately wounded.
* * * LOW HITPOINT WARNING * * *
You feel very sick. The entropy weaver hits you.
* * * LOW HITPOINT WARNING * * *
The entropy weaver hits you but does no damage.
The entropy weaver hits you.
You die...

.#.<.#....
#...#....#
.#.#..#..... #. .#
#..##....#
####...#..#.. . .
#........# ##.......
. . ##....##..#
#.......
.#..##....##..#
.#.#...##†#.
#........##
#...#.....
##..##....#
#.....B##
#...##...## ..
#.@.###........#
#...##>#.##...#^...#
#......##..##....#
##..#...#.........#
#.>.###........#.##
#... #..####...##
##.. #..# ..## ..#
##.# ...# .#^ ... .#


You could see a neutral entropy weaver (fast, strong, frenzied, very poisoned).

Vanquished Creatures
  A spark wasp (Spider:1)
  An entropy weaver (Spider:1)
  The ghost of hawkwood the Basher, a journeyman DgAr (Lair:1)
  2 hydras
  The ghost of Prival the Severer, a novice HOMo of Beogh (D:9)
  A boulder beetle (Spider:1)
  Erica (D:9)
  A two-headed ogre (D:11)
  A demonic crawler (Spider:1)
  The ghost of maldita the Cleaver, a novice MiFi of Zin (D:9)
  A pharaoh ant (Lair:3)
  A lindwurm (Lair:3)
  3 steelbarb worms (Spider:1)
  A manticore (D:11)
  A wolf spider (Spider:1)
  A torpor snail (Lair:1)
  5 elephants (Lair:1)
  3 black mambas
  An orange demon (Lair:1)
  11 cane toads
  3 gargoyles
  Maggie (D:7)
  A rime drake (Lair:2)
  5 komodo dragons
  Jeremiah (D:8)
  A polar bear (Lair:3)
  4 trolls
  2 tarantellas (Spider:1)
  3 blink frogs (Lair:3)
  Sigmund (D:4)
  5 shadows
  2 dream sheep (D:9)
  6 jumping spiders (Spider:1)
  3 wyverns
  A wraith (D:11)
  4 culicivoras (Spider:1)
  3 basilisks
  2 vampire mosquitoes (D:11)
  15 yaks
  6 redbacks
  Menkaure (D:5)
  6 water moccasins
  2 ice beasts (D:7)
  2 sky beasts
  5 black bears
  6 orc warriors
  An ogre (D:4)
  3 wolves (D:8)
  5 centaurs
  3 kobold brigands
  10 bullfrogs
  2 gnoll sergeants
  3 scorpions
  6 wights
  4 killer bees (D:8)
  2 electric eels (Lair:3)
  4 bombardier beetles
  2 howler monkeys (D:11)
  A jelly (D:6)
  2 gnoll boudas (D:7)
  6 orc priests
  2 hounds
  2 iguanas
  Jessica (D:2)
  Ijyb (D:4)
  2 sleepcaps
  15 orc wizards
  Robin (D:3)
  18 gnolls
  7 adders
  5 shadow imps
  4 white imps
  7 ufetubi
  3 dart slugs
  A ribbon worm (D:2)
  46 orcs
  12 ball pythons
  6 endoplasms
  5 giant cockroaches
  9 goblins
  10 hobgoblins
  8 kobolds
  2 quokkas (D:4)
  2 bats
  7 frilled lizards
  4 rats
364 creatures vanquished.

Vanquished Creatures (collateral kills)
  Amaemon (Lair:1)
  An oklob plant (Lair:3)
  An elephant (D:9)
  2 komodo dragons
  3 jumping spiders (Spider:1)
  A yak (Lair:2)
  Grum (D:8)
  A redback (Spider:1)
  A water moccasin (Lair:3)
  A scorpion (D:9)
  2 killer bees (D:8)
  2 howler monkeys
  A hound (D:7)
  2 orc wizards
  4 gnolls (D:7)
  A white imp (D:8)
  An orc (D:11)
  A goblin (D:3)
  2 hobgoblins (D:3)
  A kobold (D:11)
  A rat (D:3)
31 creatures vanquished.

Vanquished Creatures (others)
  2 orcs
  A quokka (D:5)
  2 goblins (D:3)
5 creatures vanquished.

Grand Total: 400 creatures vanquished

Notes
Turn   | Place    | Note
-------+----------+-------------------------------------------
     0 | D:1      | Klask the Minotaur Berserker began the quest for the Orb.
     0 | D:1      | Reached XP level 1. HP: 19/19 MP: 0/0
   336 | D:1      | Reached skill level 4 in Axes
   336 | D:1      | Reached XP level 2. HP: 27/27 MP: 1/1
   936 | D:2      | Reached ** piety under Trog
   968 | D:2      | Noticed Jessica
   978 | D:2      | Killed Jessica
   979 | D:2      | Reached XP level 3. HP: 20/34 MP: 2/2
  1685 | D:3      | Reached XP level 4. HP: 41/41 MP: 3/3
  1815 | D:3      | Reached skill level 5 in Axes
  1996 | D:3      | Noticed Robin
  2012 | D:3      | Killed Robin
  2072 | D:3      | Reached XP level 5. HP: 47/47 MP: 4/4
  2193 | D:4      | Noticed a black bear
  2199 | D:4      | Killed a black bear
  2200 | D:4      | Reached skill level 5 in Fighting
  2200 | D:4      | Reached skill level 6 in Axes
  2333 | D:4      | Reached *** piety under Trog
  2379 | D:4      | Reached XP level 6. HP: 56/56 MP: 5/5
  2457 | D:4      | Noticed Sigmund
  2465 | D:4      | Killed Sigmund
  2466 | D:4      | Reached skill level 7 in Axes
  2514 | D:4      | Reached skill level 5 in Armour
  2518 | D:4      | Noticed Ijyb
  2550 | D:4      | Killed Ijyb
  2727 | D:4      | Reached XP level 7. HP: 61/61 MP: 6/6
  2989 | D:4      | Found Asegg's Distillery.
  3273 | D:5      | Entered Level 5 of the Dungeon
  3354 | D:5      | Noticed Menkaure
  3362 | D:5      | Killed Menkaure
  3542 | D:5      | Reached skill level 8 in Axes
  3773 | D:5      | Reached XP level 8. HP: 59/70 MP: 7/7
  3870 | D:5      | Identified the +4 ring mail "Itakile" {Int+4 Dex+3}
  3897 | D:5      | Reached skill level 9 in Axes
  4722 | D:6      | Reached skill level 10 in Axes
  4819 | D:6      | Reached **** piety under Trog
  4975 | D:6      | Found a staircase to the Ecumenical Temple.
  5170 | D:7      | Noticed Maggie
  5179 | D:7      | Killed Maggie
  5180 | D:7      | Reached XP level 9. HP: 79/79 MP: 8/8
  5189 | D:7      | Reached skill level 11 in Axes
  5558 | D:7      | Found Faogocaf's Specific Store.
  5560 | D:7      | Found Rerin's General Store.
  5579 | D:7      | Found Gon Hukh's Mass Market.
  5779 | D:7      | Identified the +2 hand axe "Zipiwkia" {flame, rF+ rCorr}
  6209 | D:8      | Reached skill level 12 in Axes
  6251 | D:8      | Noticed Grum
  6261 | D:8      | Killed Grum
  6303 | D:8      | Noticed Jeremiah
  6332 | D:8      | Killed Jeremiah
  6333 | D:8      | Reached XP level 10. HP: 82/88 MP: 9/9
  6595 | D:8      | Reached skill level 10 in Armour
  6616 | D:8      | Found a radiant altar of Vehumet.
  6617 | D:8      | Found a white marble altar of Elyvilon.
  6617 | D:8      | Found a sparkling altar of Nemelex Xobeh.
  6617 | D:8      | Found a bloodstained altar of Trog.
  6617 | D:8      | Found a shimmering altar of Xom.
  6618 | D:8      | Found a broken altar of Ashenzari.
  6618 | D:8      | Found an iron altar of Okawaru.
  6619 | D:8      | Found a blossoming altar of Fedhas.
  6619 | D:8      | Found a stormy altar of Qazlal.
  6620 | D:8      | Found a shadowy altar of Dithmenos.
  6621 | D:8      | Found a sacrificial altar of Ru.
  6621 | D:8      | Found a glowing silver altar of Zin.
  6622 | D:8      | Found a glowing golden altar of the Shining One.
  7165 | D:9      | Noticed Erica
  7169 | D:9      | Killed Erica
  7170 | D:9      | Reached skill level 13 in Axes
  7511 | D:9      | Found an ornate altar of the Wu Jian Council.
  7980 | D:9      | Found the +5 robe of Night {Dark Will+ SInv}
  8045 | D:9      | Noticed an elephant
  8049 | D:9      | Killed an elephant
  8050 | D:9      | Reached skill level 10 in Fighting
  8073 | D:9      | Found a staircase to the Lair.
  8479 | D:9      | Found a runed translucent gate.
  8479 | D:9      | Found a runed translucent gate.
  8480 | D:9      | Found a runed translucent gate.
  8499 | D:9      | Noticed Prival's ghost (novice HOMo)
  8499 | D:9      | Noticed maldita's ghost (novice MiFi)
  8754 | D:9      | Killed maldita's ghost
  8755 | D:9      | Reached skill level 14 in Axes
  8755 | D:9      | Reached XP level 11. HP: 101/101 MP: 10/10
  8765 | D:9      | Killed Prival's ghost
  9105 | Lair:1   | Entered Level 1 of the Lair of Beasts
  9183 | Lair:1   | Noticed a four-headed hydra
  9194 | Lair:1   | Killed a one-headed hydra
  9365 | Lair:1   | Found a runed translucent door.
  9879 | Lair:1   | Noticed Amaemon
  9894 | Lair:1   | Reached skill level 15 in Axes
  9898 | Lair:1   | Killed Amaemon
 10330 | Lair:1   | Noticed hawkwood's ghost (journeyman DgAr)
 10564 | Lair:1   | Killed hawkwood's ghost
 10723 | D:10     | Entered Level 10 of the Dungeon
 10733 | D:10     | Reached XP level 12. HP: 112/112 MP: 11/11
 11010 | D:10     | Found a staircase to the Orcish Mines.
 11390 | D:11     | Noticed a two-headed ogre
 11402 | D:11     | Killed a two-headed ogre
 11613 | D:11     | Reached skill level 16 in Axes
 12074 | D:11     | Found a glowing silver altar of Zin.
 12300 | D:11     | Found Bantoqy's Magic Scroll Shoppe.
 12801 | Lair:2   | Identified the +5 quarterstaff "Demonslayer" {freeze, rPois
                  | rC- rN+ Dex+4}
 13045 | Lair:2   | Noticed a four-headed hydra
 13063 | Lair:2   | Killed an 11-headed hydra
 13968 | Lair:3   | Reached skill level 15 in Armour
 13973 | Lair:3   | Reached ***** piety under Trog
 13987 | Lair:3   | Reached XP level 13. HP: 62/124 MP: 12/12
 14136 | Lair:3   | Found a staircase to the Swamp.
 14209 | Lair:3   | Reached skill level 17 in Axes
 14549 | Lair:3   | Found a hole to the Spider Nest.
 15084 | Spider:1 | Entered Level 1 of the Spider Nest
 15330 | Spider:1 | Noticed a spark wasp
 15336 | Spider:1 | Killed a spark wasp
 16022 | Spider:1 | Reached skill level 15 in Fighting
 16215 | Spider:1 | HP: 8/189 [poisoned by a redback]
 16215 | Spider:1 | Slain by an entropy weaver

Illustrated notes

Levels and vault maps discovered:
D:1:      amcnicky_arrival_gap_in_the_tavern_cellar, layout_basic
D:2:      layout_basic, uniq_jessica
D:3:      layout_rooms, uniq_robin
D:4:      layout_basic, serial_shops, nicolae_shop_just_a_little_nook,
          uniq_sigmund, uniq_ijyb
D:5:      layout_loops_ring, uniq_menkaure
D:6:      layout_basic, temple_fountains
D:7:      layout_loops_ring, minitemple, dreamdust_wishing_well,
          minmay_shop_mass, blue_anna_alchemist, nicolae_specific_store,
          dreamdust_gnoll_farm, uniq_maggie
D:8:      layout_basic, nicolae_overflows_in_rows, serial_demonic,
          serial_demonic_g, serial_demonic_b, serial_demonic_f,
          serial_demonic_d, serial_demonic_f, serial_demonic_a,
          serial_demonic_d, serial_demonic_f, serial_demonic_g,
          serial_demonic_f, st_stairs_8, uniq_jeremiah, uniq_grum
D:9:      layout_basic, nzn_wu_jian_contemplation,
          grunt_lair_entry_orc_guard_hut, gammafunk_ghost_cemetery,
          enter_bailey_7, hellmonk_guarded_unrand_night, uniq_erica
D:10:     layout_gridville, david_orc_4
D:11:     layout_basic, serial_shops, nicolae_shop_gibbet_a_chance, zin_academy
Lair:1:   layout_concentric_octagons, ebering_ghost_reflecting_pool,
          uniq_amaemon
Lair:2:   layout_cave_pods, gauntlet_entry_generic, serial_bayou_shore_b
Lair:3:   layout_regular_city, swamp_mist_pool,
          nicolae_spider_entry_lesser_pyramids, grunt_megastairs_5
Spider:1: layout_spider_delve, hangedman_spider_tarantella_strand

Skill      XL: |  1  2  3  4  5  6  7  8  9 10 11 12 13 |
---------------+----------------------------------------+-----
Axes           | 4 5 6 7 8 10 12 14 15 16 17 | 17.6
Fighting       | 4 5 6 7 8 10 12 14 15 | 15.1
Armour         | 3 4 5 6 7 9 11 13 15 16 | 16.4
Dodging        | |  2.2

Action                     |  1- 3 |  4- 6 |  7- 9 | 10-12 | 13-15 || total
---------------------------+-------+-------+-------+-------+-------++-------
  Melee: Hand axe          |    70 |    81 |   282 |   217 |       ||   650
         Headbutt          |    12 |    14 |    49 |   108 |    42 ||   225
         War axe           |       |       |       |   269 |   171 ||   440
 Invoke: Berserk           |       |     2 |    11 |    16 |     4 ||    33
         Brothers in Arms  |       |       |     1 |     1 |       ||     2
         Trog's Hand       |       |       |       |     1 |       ||     1
    Use: Scroll            |       |       |       |    10 |       ||    10
         Potion            |       |       |       |     5 |       ||     5
   Stab: Distracted        |       |       |       |     3 |       ||     3
 Armour: Chain mail        |    38 |    41 |   186 |   169 |       ||   434
         Plate armour      |       |       |       |   177 |   152 ||   329
  Dodge: Dodged            |    32 |    33 |   112 |   223 |   112 ||   512
